 Dungeon Crawl Stone Soup version 0.23-a0-389-g4a5eb33 (webtiles) character file.

107 Cryolive the Digger (level 4, -1/24 HPs)
             Began as a Gargoyle Earth Elementalist on Oct 29, 2018.
             Slain by a river rat (6 damage)
             ... on level 3 of the Dungeon.
             The game lasted 00:04:54 (3356 turns).

Cryolive the Digger (Gargoyle Earth Elementalist)   Turns: 3356, Time: 00:04:55

Health: -1/24      AC:  5    Str: 12    XL:     4   Next: 85%
Magic:  0/8        EV: 12    Int: 16    God:
Gold:   146        SH:  0    Dex: 10    Spells: 5/9 levels left

rFire    . . .     SeeInvis .   k - +0 quarterstaff
rCold    . . .     Gourm    .   (shield currently unavailable)
rNeg     + . .     Faith    .   c - +0 robe
rPois    ∞         Spirit   .   (no helmet)
rElec    +         Reflect  .   (no cloak)
rCorr    .         Harm     .   (no gloves)
MR       .....                  (no boots)
Stlth    +.........             (no amulet)
HPRegen  0.08/turn              (no ring)
MPRegen  0.11/turn              (no ring)

@: very slow
A: negative energy resistance 1, electricity resistance, unbreathing,
petrification resistance, rot immunity, AC +3
a: no special abilities


You were on level 3 of the Dungeon.
You were not hungry.

You visited 1 branch of the dungeon, and saw 3 of its levels.

You collected 146 gold pieces.

Inventory:

Hand Weapons
 k - a +0 quarterstaff (weapon)
Missiles
 b - 62 stones (quivered)
Armour
 c - a +0 robe (worn)
Scrolls
 e - a scroll of magic mapping {unknown}
 f - 4 scrolls of identify {unknown}
 g - 2 scrolls of fear {unknown}
 h - 2 scrolls of blinking {unknown}
 i - a scroll of remove curse {unknown}
 j - a scroll of noise {unknown}
Potions
 a - a potion of resistance {unknown}
 l - 2 potions of ambrosia {unknown}
 m - 2 potions of magic {unknown}
Comestibles
 d - 5 rations


   Skills:
 + Level 0.3 Staves
 - Level 1.5 Dodging
 - Level 2.1 Stealth
 + Level 3.2 Spellcasting
 + Level 1.8 Conjurations
   Level 0.7 Transmutations
 + Level 4.9 Earth Magic


You had 5 spell levels left.
You knew the following spells:

 Your Spells              Type           Power        Failure   Level  Hunger
a - Sandblast             Erth           ###...       2%          1    None
b - Stone Arrow           Conj/Erth      ##....       14%         3    ###....

Your spell library contained the following spells:

 Spells                   Type           Power        Failure   Level  Hunger
 Passwall                 Tmut/Erth      ##......     9%          2    ##.....
 Petrify                  Tmut/Erth      ##......     50%         4    ####...
 Lee's Rapid Deconstruct  Erth           ###.......   56%         5    ######.


Dungeon Overview and Level Annotations

Branches:
Dungeon (3/15)

Altars:


Innate Abilities, Weirdness & Mutations

You are resistant to torment.
Your stone body is resilient. (AC +3)
You are immune to poison.
You resist negative energy. (rN+)
You are resistant to electric shocks. (rElec)
You can survive without breathing.
You are immune to petrification.
You are immune to rotting.


Message History

Press: ? - help, Shift-Dir - straight line, f/p - river rat
Aim: a river rat The blast of sand hits the river rat.
The river rat is moderately wounded.
b - 63 stones You closely miss the river rat.
The river rat is moderately wounded.
The river rat bites you but does no damage.
You barely miss the river rat.
The river rat is moderately wounded.
Casting: Sandblast (safe; 2% risk of failure)
Confirm with . or Enter, or press ? or * to list all spells.
Aiming: Sandblast (safe; 2% risk of failure)
Press: ? - help, Shift-Dir - straight line, f/p - river rat
Aim: a river rat (moderately wounded)
The blast of sand misses the river rat.
b - 62 stones The river rat barely misses you.
The river rat misses you. The river rat bites you.
You die...

#.......# #.######
#.###.####### #....#.. #.#
#.......# ####.#.# #.#
#######.# #.#.# ####.## #.#
#...# #.....## #.# #.###
#......# #### #### #.#
#......######≈≈####≈≈#### #.#
##.#.#.....#≈≈@≈††≈≈≈≈..###.#
#.#.########rr####≈≈##.....#
#.#.# ####≈## #####.#####
#...# #..#≈# #.# ###.# #.##w#
#.# #.# #..#≈# #.# #.# #.##≈≈
#.# #.#####.#≈≈≈ #.#
#.......##≈≈ #.#


You could see a worm, a river rat and a rat.

Vanquished Creatures
  4 adders (D:2)
  A river rat (D:3)
  2 worms
  A dart slug (D:1)
  3 leopard geckos
  An orc (D:2)
  5 giant cockroaches
  3 goblins (D:1)
  3 hobgoblins
  2 jackals (D:1)
  5 kobolds
  A quokka (D:3)
  8 bats
  2 frilled lizards
  12 rats
53 creatures vanquished.

Notes
Turn   | Place    | Note
-------+----------+-------------------------------------------
     0 | D:1      | Cryolive the Gargoyle Earth Elementalist began the quest
                  | for the Orb.
     0 | D:1      | Reached XP level 1. HP: 10/10 MP: 3/3
   473 | D:1      | Reached skill level 4 in Earth Magic
   473 | D:1      | Reached XP level 2. HP: 15/15 MP: 5/5
  1329 | D:2      | Reached XP level 3. HP: 19/19 MP: 4/6
  1334 | D:2      | Learned a level 3 spell: Stone Arrow
  1352 | D:2      | Found a faded altar of an unknown god.
  1612 | D:2      | Reached skill level 1 in Conjurations
  1656 | D:2      | Reached XP level 4. HP: 12/24 MP: 2/8
  3356 | D:3      | Slain by a river rat

Vault maps used:
D:1:      sevenhm_arrival_forest_fort_small_3, chequers_serial_rivers_micro_a
D:2:      serial_rivers, chequers_serial_rivers_micro_d,
          chequers_serial_rivers_small_3, chequers_serial_rivers_small_a,
          chequers_serial_rivers_large_b, chequers_serial_rivers_micro_d,
          chequers_serial_rivers_micro_d, chequers_ecumenical_altar_simple
D:3:      gup_sewer_entry_bubbles, first_ration

Skill      XL: |  1  2  3  4 |
---------------+-------------+-----
Earth Magic    | 4 |  4.9
Conjurations   | 1 |  1.8
Spellcasting   | 3 |  3.2
Staves         | |  0.3
Dodging        | |  1.5
Stealth        | |  2.1
Transmutations | |  0.7

Action                   |  1- 3 |  4- 6 || total
-------------------------+-------+-------++-------
Melee: Dagger            |   146 |    88 ||   234
       Unarmed           |    16 |       ||    16
       Quarterstaff      |       |    22 ||    22
 Cast: Sandblast         |    16 |    20 ||    36
 Stab: Sleeping          |     3 |     1 ||     4
  Eat: Chunk             |     2 |     6 ||     8
Armor: Robe              |    65 |    41 ||   106
Dodge: Dodged            |   114 |    72 ||   186

Table legend:
 A = Non-vault XP
 B = Vault XP
 C = Vault XP percentage of total XP
 D = Non-vault monster count
 E = Vault monster count
 F = Vault count percentage of total count
                 A         B        C        D         E       F
            +---------+---------+-------+---------+---------+-------
      Total |     131 |      22 |  14.4 |      50 |       3 |   5.7
            +---------+---------+-------+---------+---------+-------
        D:1 |      33 |       0 |   0.0 |      19 |       0 |   0.0
        D:2 |      90 |       0 |   0.0 |      25 |       0 |   0.0
        D:3 |       8 |      22 |  73.3 |       6 |       3 |  33.3
            +---------+---------+-------+---------+---------+-------
